 Dungeon Crawl Stone Soup version 0.29.1-2-gbd0b4ee654 (webtiles) character file.

Game seed: 16535550263204338284

40 GorkyZ the Trooper (level 3, -7/23 HPs)
             Began as a Gargoyle Fighter on Nov 30, 2022.
             Killed from afar by Natasha (10 damage)
             ... with a bolt of dispelling energy
             ... on level 2 of the Dungeon.
             The game lasted 00:02:33 (1332 turns).

GorkyZ the Trooper (Gargoyle Fighter)               Turns: 1332, Time: 00:02:33

Health: -7/23      AC: 10    Str: 19    XL:     3   Next: 50%
Magic:  3/3        EV:  9    Int:  8    God:
Gold:   37         SH:  4    Dex: 11    Spells: 2/2 levels left

rFire   . . .      SeeInvis .   a - +0 rapier
rCold   . . .      Faith    .   c - +0 buckler
rNeg    + . .      Spirit   .   b - +0 scale mail
rPois   ∞          Reflect  .   k - +0 hat
rElec   +          Harm     .   (no cloak)
rCorr   .          Rampage  .   (no gloves)
Will    .....                   (no boots)
Stlth   ..........              (no amulet)
HPRegen 0.07/turn               (no ring)
MPRegen 0.08/turn               (no ring)

@: no status effects
A: sickness immunity, AC +3, negative energy resistance 1, electricity
resistance, torment resistance 1, petrification resistance
a: no special abilities


You were on level 2 of the Dungeon.
You visited 1 branch of the dungeon, and saw 2 of its levels.

You collected 37 gold pieces.

Inventory:

Hand Weapons
 a - a +0 rapier (weapon)
Armour
 b - a +0 scale mail (worn)
 c - a +0 buckler (worn)
 k - a +0 hat (worn)
Scrolls
 f - 2 scrolls of fear {unknown}
 i - 2 scrolls of teleportation {unknown}
 j - 3 scrolls of immolation {unknown}
 l - a scroll of identify {unknown}
 m - a scroll of enchant weapon {unknown}
Potions
 d - a potion of might
 e - a potion of attraction {unknown}
 g - 3 potions of flight {unknown}
 h - a potion of ambrosia {unknown}


   Skills:
 + Level 3.6 Fighting
 - Level 1.9(2.0) Short Blades
 + Level 0.6(1.3) Long Blades
 + Level 0.8 Throwing
 + Level 3.5 Armour
 + Level 0.5 Dodging
 + Level 3.5 Shields
 + Level 0.5 Evocations


You had 2 spell levels left.
You didn't know any spells.
Your spell library contained the following spells:

 Spells                   Type           Power      Damage    Failure   Level
 Sandblast                Erth           0%         2d4       86%         1
 Passwall                 Tmut/Erth      0%         N/A       94%         2
 Stone Arrow              Conj/Erth      0%         3d7       99%         3


Dungeon Overview and Level Annotations

Branches:
Dungeon (2/15)

Altars:

Annotations:
D:2 Natasha


Innate Abilities, Weirdness & Mutations

You are immune to sickness and miasma.
Your stone body is resilient. (AC +3)
You are immune to poison.
You resist negative energy. (rN+)
You are resistant to electric shocks. (rElec)
You are resistant to unholy torment.
You are immune to petrification.


Message History

You hit the adder.
You kill the adder!
You closely miss the goblin. The goblin hits you but does no damage.
You hit the goblin.
You kill the goblin!
You closely miss the goblin. The goblin hits you but does no damage.
You hit the goblin.
You kill the goblin!
The shadow imp grinds its teeth.
You hit the shadow imp.
The shadow imp is heavily wounded.
The shadow imp hits you.
The shadow imp hits you but does no damage.
You hit the shadow imp but do no damage.
The shadow imp is heavily wounded.
The shadow imp gestures at you. Pain shoots through your body!
You hit the shadow imp.
The shadow imp is almost dead.
The shadow imp gestures at you. Pain shoots through your body!
* * * LOW HITPOINT WARNING * * *
You closely miss the shadow imp.
The shadow imp is almost dead.
The shadow imp hits you but does no damage.
You closely miss the shadow imp.
The shadow imp is almost dead.
Natasha casts a spell.
The shadow imp hits you.
* * * LOW HITPOINT WARNING * * *
You hit the shadow imp.
You kill the shadow imp!
The shadow imp disappears in a puff of smoke!
Natasha wildly gestures.
You feel troubled. Natasha claws you but does no damage.
You hit Natasha.
Natasha is moderately wounded.
Natasha zaps a wand.
The bolt of dispelling energy hits you!
You die...

###.####.###.##
........## ##.#
###.####.###.##
##.#.## ##..#
#..#######
#.........
#.######## #@#
#h# #.#
..........#
........#.#
.....<.=....
..#####.# ### .
#.# #.#


You could see Natasha.

Vanquished Creatures
  An adder (D:2)
  A dart slug (D:2)
  2 endoplasms
  A giant cockroach (D:1)
  A hobgoblin (D:1)
  2 kobolds
  A quokka (D:1)
  3 ball pythons (D:1)
  4 bats (D:1)
  2 frilled lizards (D:1)
  7 goblins
  2 rats (D:1)
27 creatures vanquished.

Notes
Turn   | Place    | Note
-------+----------+-------------------------------------------
     0 | D:1      | GorkyZ the Gargoyle Fighter began the quest for the Orb.
     0 | D:1      | Reached XP level 1. HP: 14/14 MP: 1/1
   474 | D:1      | Found a faded altar of an unknown god.
   524 | D:1      | Reached XP level 2. HP: 19/19 MP: 2/2
  1181 | D:2      | Reached XP level 3. HP: 23/23 MP: 3/3
  1316 | D:2      | Noticed Natasha
  1332 | D:2      | Killed from afar by Natasha

Illustrated notes

Levels and vault maps discovered:
D:1:      ncdulo_smallfort, layout_loops_corners, ebering_ecumenical_altar_webs
D:2:      layout_loops_ring, basic_altar, uniq_natasha

Action                   || total
-------------------------++-------
Melee: Rapier            ||   108
Armor: Scale mail        ||    70
Dodge: Dodged            ||    56
Block: Buckler           ||    35
